 Dungeon Crawl Stone Soup version 0.23.0 (webtiles) character file.

Game seed: 17860484759623810088

6805 Borgoz the Cleaver (level 11, -10/67 HPs)
             Began as a Gargoyle Gladiator on Feb 9, 2019.
             Was a Believer of Ashenzari.
             Mangled by a cyclops (13 damage)
             ... on level 1 of the Orcish Mines.
             The game lasted 00:16:17 (8940 turns).

Borgoz the Cleaver (Gargoyle Gladiator)             Turns: 8940, Time: 00:16:18

Health: -10/67     AC: 21    Str: 23    XL:     11   Next: 5%
Magic:  20/20      EV: 13    Int: 10    God:    Ashenzari [**....]
Gold:   472        SH:  0    Dex: 16    Spells: 10/10 levels left

rFire    . . .     SeeInvis .   P - +2 hand axe (venom)
rCold    . . .     Gourm    .   (no shield)
rNeg     + . .     Faith    .   D - +3 scale mail of the Wasteland {Str+6}
rPois    ∞         Spirit   .   J - +2 hat
rElec    +         Reflect  .   (no cloak)
rCorr    .         Harm     .   (no gloves)
MR       .....                  (no boots)
Stlth    +.........             (no amulet)
HPRegen  0.21/turn              e - +2 ring of dexterity
MPRegen  0.17/turn              F - ring of magical power

@: no status effects
A: negative energy resistance 1, electricity resistance, unbreathing,
petrification resistance, rot immunity, AC +8
a: Curse Item, Scrying, Renounce Religion


You were on level 1 of the Orcish Mines.
You worshipped Ashenzari.
Ashenzari was pleased with you.
You were not hungry.

You visited 3 branches of the dungeon, and saw 13 of its levels.

You collected 697 gold pieces.
You spent 225 gold pieces at shops.

Inventory:

Hand Weapons
 y - a +2 hand axe of electrocution
 P - a +2 hand axe of venom (weapon)
Missiles
 d - 4 throwing nets (quivered)
 z - 29 poisoned needles
Armour
 D - the +3 scale mail of the Wasteland (worn) {Str+6}
   (You bought it in a shop on level 5 of the Dungeon)

   It affects your strength (+6).
 J - a +2 hat (worn)
 N - a +2 leather armour of magic resistance
Jewellery
 e - a +2 ring of dexterity (left hand)
 n - an uncursed ring of positive energy
 r - a +3 ring of intelligence
 E - an uncursed ring of ice
 F - a ring of magical power (right hand)
 H - an uncursed ring of protection from cold
 I - an uncursed ring of flight
 L - an uncursed ring of magical power
Wands
 b - a wand of disintegration (13)
 m - a wand of digging (3)
 v - a wand of polymorph (15)
 B - a wand of paralysis (16)
 C - a wand of flame (21)
 G - a wand of enslavement (6)
 Q - a wand of iceblast (6)
Scrolls
 g - a scroll of immolation {unknown}
 i - 5 scrolls of fog {unknown}
 k - 8 scrolls of remove curse
 p - 5 scrolls of enchant weapon {unknown}
 q - 4 scrolls of teleportation {unknown}
 s - 4 scrolls of amnesia {unknown}
 u - 8 scrolls of identify {unknown}
 w - 4 scrolls of magic mapping {unknown}
 A - 2 scrolls of enchant armour {unknown}
 M - 2 scrolls of noise {unknown}
 O - 2 scrolls of brand weapon {unknown}
Potions
 a - a potion of flight
 c - a potion of agility
 h - a potion of ambrosia {unknown}
 j - 3 potions of curing
 l - 2 potions of might
 o - 2 potions of haste {unknown}
 t - 2 potions of lignification {unknown}
 x - a potion of magic
 K - 2 potions of brilliance {unknown}
Comestibles
 f - 25 rations


   Skills:
 + Level 7.5 Fighting
 + Level 10.9 Axes
 + Level 1.8 Throwing
 + Level 8.2 Armour
 + Level 5.2 Dodging
 + Level 2.9 Stealth


You had 10 spell levels left.
You didn't know any spells.
Your spell library contained the following spells:

 Spells                   Type           Power        Failure   Level  Hunger
 Animate Skeleton         Necr           N/A          63%         1    ##.....
 Pain                     Necr           #...         63%         1    ##.....
 Conjure Flame            Conj/Fire      #.......     94%         3    ####...
 Inner Flame              Hex/Fire       #.......     94%         3    ####...
 Ozocubu's Armour         Chrm/Ice       #.......     94%         3    ####...
 Regeneration             Chrm/Necr      #.........   94%         3    ####...
 Spider Form              Tmut/Pois      #.........   94%         3    ####...
 Vampiric Draining        Necr           #.........   94%         3    ####...
 Animate Dead             Necr           N/A          100%        4    #####..


Dungeon Overview and Level Annotations

Branches:
Dungeon (11/15)            Temple (1/1) D:5            Lair (0/6) D:11
    Orc (1/2) D:9

Altars:
Ashenzari
Cheibriados
Dithmenos
Elyvilon
Fedhas
Gozag
Hepliaklqana
Kikubaaqudgha
Makhleb
Nemelex Xobeh
Okawaru
Qazlal
Ru
Sif Muna
Trog
Uskayaw
Vehumet
Wu Jian
Xom
Yredelemnul
Zin
The Shining One
Beogh

Shops:
D:5 (:[[   D:6 [   Orc:1 (

Annotations:
D:11 2 transporters, bananaglory's ghost, journeyman HOAK


Innate Abilities, Weirdness & Mutations

You are resistant to torment.
Your stone body is resilient. (AC +8)
You are immune to poison.
You resist negative energy. (rN+)
You are resistant to electric shocks. (rElec)
You can survive without breathing.
You are immune to petrification.
You are immune to rotting.


Message History

* * * LOW HITPOINT WARNING * * *
The orc priest hits you with a cursed -1 hand axe.
* * * LOW HITPOINT WARNING * * *
You closely miss the orc warrior.
The orc warrior is severely wounded.
You closely miss the orc priest. You hit the cyclops but do no damage.
You kill the orc warrior!
You kill the orc priest!
The cyclops closely misses you.
You hit the orc wizard.
The orc wizard is poisoned.
The orc wizard is moderately wounded.
You hit the cyclops but do no damage.
The cyclops looks as sick as possible!
You slash the orc wizard!
The orc wizard is almost dead.
You hit the cyclops.
The cyclops looks as sick as possible!
The orc wizard closely misses you.
You hit the orc wizard but do no damage.
The orc wizard is almost dead.
Your scale mail of the Wasteland prevents you from hitting the cyclops.
The cyclops hits you!
You die...

**,* ###...$.##
#####........#
.##..#.........##
*,
..$.≈≈≈.........#
...≈≈≈≈≈........#
#.≈≈∩...))....#*
#.≈≈≈≈≈.)....#*
#.≈≈C..).<.##
*#...)@(....#**
#....)o#.....#
#................
,.......$$.....$..
..>...............#
..........#......##
,
,...........#.##.##
..........####


You could see a cyclops and an orc wizard.

Vanquished Creatures
  A two-headed ogre (D:9)
  Joseph (D:7)
  A gargoyle (D:10)
  A troll (D:11)
  2 hippogriffs
  4 hogs (D:8)
  A human (D:8)
  A steam dragon (D:9)
  3 hungry ghosts
  6 orc warriors
  A sky beast (D:5)
  3 ice beasts (D:5)
  3 black bears
  4 ogres
  5 centaurs
  2 phantoms
  A big kobold (D:7)
  Blork the orc (D:4)
  2 bullfrogs
  A wyvern skeleton (D:10)
  2 scorpions
  A howler monkey (D:7)
  4 crimson imps
  2 centaur zombies
  5 hounds
  A jelly (D:5)
  5 orc priests
  2 centaur skeletons
  An iguana (D:6)
  6 orc wizards
  4 worker ants
  A killer bee zombie (D:6)
  A hound zombie (D:7)
  A worker ant zombie (D:8)
  A howler monkey zombie (D:5)
  13 gnolls
  7 adders
  A howler monkey skeleton (D:3)
  A shadow imp (D:9)
  An ooze (D:3)
  2 worms
  A dart slug (D:3)
  5 leopard geckos
  25 orcs
  8 giant cockroaches
  8 goblins
  2 hobgoblins (D:1)
  7 jackals
  5 kobolds
  5 quokkas
  2 ball pythons
  6 bats
  9 frilled lizards
  A giant cockroach zombie (D:6)
  10 rats
200 creatures vanquished.

Notes
Turn   | Place    | Note
-------+----------+-------------------------------------------
     0 | D:1      | Borgoz the Gargoyle Gladiator began the quest for the Orb.
     0 | D:1      | Reached XP level 1. HP: 12/12 MP: 1/1
   186 | D:1      | Reached skill level 3 in Axes
   262 | D:1      | Reached XP level 2. HP: 5/17 MP: 2/2
  1075 | D:2      | Reached XP level 3. HP: 21/21 MP: 3/3
  1221 | D:2      | Reached skill level 1 in Armour
  1236 | D:2      | Found a shadowy altar of Dithmenos.
  1236 | D:2      | Found a white marble altar of Elyvilon.
  1571 | D:2      | Reached XP level 4. HP: 26/26 MP: 4/4
  2030 | D:3      | Found a hide-covered altar of Uskayaw.
  2040 | D:3      | Reached skill level 4 in Axes
  2050 | D:3      | Reached XP level 5. HP: 26/31 MP: 5/5
  2845 | D:4      | Noticed Blork the orc
  2859 | D:4      | Killed Blork the orc
  2859 | D:4      | Reached skill level 5 in Axes
  2859 | D:4      | Reached XP level 6. HP: 21/36 MP: 6/6
  3122 | D:4      | Found a stormy altar of Qazlal.
  3240 | D:4      | Reached skill level 1 in Stealth
  3271 | D:5      | Entered Level 5 of the Dungeon
  3271 | D:5      | Found Hetzuly's Antique Armour Emporium.
  3274 | D:5      | Noticed an ice beast
  3288 | D:5      | Killed an ice beast
  3317 | D:5      | Found Tuad's Antique Armour Boutique.
  3326 | D:5      | Bought a smelly scale mail for 225 gold pieces
  3336 | D:5      | Identified the +3 scale mail of the Wasteland {Str+6} (You
                  | bought it in a shop on level 5 of the Dungeon)
  3344 | D:5      | Reached XP level 7. HP: 41/41 MP: 7/7
  3476 | D:5      | Reached skill level 6 in Axes
  3537 | D:5      | Reached XP level 8. HP: 42/48 MP: 8/8
  3608 | D:5      | Found Weommyge's Book Shoppe.
  3609 | D:5      | Found Wuzoakic's Antique Weapon Boutique.
  3845 | D:5      | Found a staircase to the Ecumenical Temple.
  4224 | Temple   | Entered the Ecumenical Temple
  4248 | Temple   | Became a worshipper of Ashenzari the Shackled
  4331 | D:6      | Found Cuolotups's Antique Armour Boutique.
  4364 | D:6      | Found a burning altar of Makhleb.
  4364 | D:6      | Noticed a green death
  4434 | D:6      | Reached skill level 7 in Axes
  4785 | D:6      | Found a glowing golden altar of the Shining One.
  4795 | D:6      | Reached skill level 5 in Fighting
  5079 | D:7      | Noticed a hippogriff
  5087 | D:7      | Killed a hippogriff
  5087 | D:7      | Reached XP level 9. HP: 45/54 MP: 9/9
  5102 | D:7      | HP: 1/54 [orc warrior/+0 war axe (4)]
  5488 | D:7      | Reached skill level 8 in Axes
  5488 | D:7      | Reached skill level 5 in Armour
  5502 | D:7      | Noticed Joseph
  5541 | D:7      | Killed Joseph
  5659 | D:7      | Reached * piety under Ashenzari
  5798 | D:7      | Found a sparkling altar of Nemelex Xobeh.
  6364 | D:8      | Reached skill level 9 in Axes
  6366 | D:8      | Reached XP level 10. HP: 34/61 MP: 10/10
  6927 | D:9      | Found a roughly hewn altar of Beogh.
  7140 | D:9      | Noticed a two-headed ogre
  7147 | D:9      | Killed a two-headed ogre
  7147 | D:9      | Reached skill level 5 in Dodging
  7437 | D:9      | Found a snail-covered altar of Cheibriados.
  7506 | D:9      | Found a staircase to the Orcish Mines.
  7761 | D:9      | Reached skill level 10 in Axes
  7919 | D:10     | Entered Level 10 of the Dungeon
  8334 | D:10     | Identified The Foundations of Thaumaturgy
  8352 | D:10     | Noticed a gargoyle
  8380 | D:10     | Killed a gargoyle
  8419 | D:11     | Found a staircase to the Lair.
  8542 | D:11     | Found a transporter.
  8543 | D:11     | Found a transporter.
  8543 | D:11     | Noticed bananaglory's ghost (journeyman HOAK)
  8543 | D:11     | Noticed a two-headed ogre
  8594 | D:11     | Found an iron altar of Okawaru.
  8599 | D:11     | Reached ** piety under Ashenzari
  8623 | D:11     | Reached XP level 11. HP: 60/67 MP: 11/11
  8660 | D:11     | Noticed an eight-headed hydra
  8914 | Orc:1    | Entered Level 1 of the Orcish Mines
  8914 | Orc:1    | Found Cigod's Antique Weapon Shop.
  8920 | Orc:1    | Noticed a cyclops
  8936 | Orc:1    | HP: 3/67 [orc priest/cursed -1 hand axe (3)]
  8940 | Orc:1    | Mangled by a cyclops

Skill      XL: |  1  2  3  4  5  6  7  8  9 10 |
---------------+-------------------------------+-----
Axes           | 3 4 5 6 7 9 10 | 10.9
Armour         | 1 2 3 4 6 8 |  8.2
Dodging        | 3 4 5 |  5.2
Stealth        | 1 2 |  2.9
Fighting       | 3 4 5 6 7 |  7.5
Throwing       | |  1.8

Action                   |  1- 3 |  4- 6 |  7- 9 | 10-12 || total
-------------------------+-------+-------+-------+-------++-------
Melee: War axe           |    87 |    82 |       |       ||   169
       Hand axe          |       |    44 |   239 |   243 ||   526
Throw: Throwing net      |       |       |       |     1 ||     1
Evoke: Wand              |       |     1 |       |     1 ||     2
  Use: Potion            |       |       |     3 |     8 ||    11
 Stab: Sleeping          |     2 |     2 |       |       ||     4
  Eat: Chunk             |     2 |     5 |    11 |     7 ||    25
       Ration            |       |       |       |     2 ||     2
Armor: Leather armour    |    42 |    50 |       |       ||    92
       Scale mail        |       |     2 |   137 |   119 ||   258
Dodge: Dodged            |    76 |    90 |   128 |   142 ||   436
